[Event "ICC tourney 2150 (70 10)"]
[Site "Internet Chess Club"]
[Date "2020.11.22"]
[Round "6"]
[White "cprovince"]
[Black "Lowish-Monkey"]
[Result "1-0"]
[ICCResult "Black resigns"]
[WhiteElo "1904"]
[BlackElo "1864"]
[Opening "QGD semi-Slav"]
[ECO "D43"]
[NIC "SL.03"]
[Time "19:31:43"]
[TimeControl "4200+10"]

1. d4 d5 2. c4 c6 3. Nc3 Nf6 4. Nf3 e6 5. cxd5 exd5 6. Bg5 Be7 7. e3 Qb6 8.
Rb1 h6 9. Bh4 Bg4 10. Be2 Nbd7 11. O-O Rc8 12. Ne5 Bxe2 13. Qxe2 Bd6 14. f4
O-O 15. Rf3 Bb4 16. Rc1 Bxc3 17. bxc3 Nxe5 18. fxe5 Ne4 19. Rcf1 Rce8 20.
Rf5 Re6 21. Qg4 Qb5 22. Bf6 g6 23. Rh5 Qd3 24. Rh3 Rfe8 25. Qh4 h5 26. Qf4
Kh7 27. Bg5 Rf8 28. g4 Nxc3 29. Qf3 Qe4 30. gxh5 Qxf3 31. Rfxf3 Kg8 32. Bf6
Ne4 33. Rh4 Rfe8 34. hxg6 Nxf6 35. exf6 Re4 36. Rh8+ Kxh8 37. gxf7 Kh7 38.
fxe8=Q Rxe8 39. Rg3 Rf8 40. Rg7+ Kh6 41. Rxb7 Rxf6 42. Rxa7 Kg5 43. Rc7 Kg4
44. Kg2 Re6 45. Kf2 Rf6+ 46. Ke2 Kh3 47. a4 Kxh2 48. a5 Kg2 49. a6 Rf2+ 50.
Kd3 Ra2 51. a7 Kf3 52. Rf7+ Kg4 53. Kc3 Kg5 54. Kb4 Kg6 55. Rc7 Kf5 56. Kc5
Ke4 57. Re7+ Kf5 58. Kxc6 Kf6 59. Rb7 Ke6 60. Kc7 Rc2+ 61. Kb8 Kd6 62. a8=Q
Rc6 63. Qa3+ Ke6 64. Qe7+ Kf5 65. Qe5+ Kg4 66. Rg7+ Kf3 67. Qf4+ Ke2 68.
Rg2+ Kd3 69. Qf1+ Ke4 70. Rg4+ Kxe3 71. Qh3+ {Black resigns} 1-0